 Dungeon Crawl Stone Soup version 0.31.0-12-g77e489cdc1 (webtiles) character file.

Game seed: 6163700251458866729

4409 NarcSill the Spear-Bearer (level 10, -2/114 HPs)
             Began as a Demonspawn Gladiator on Feb 23, 2024.
             Was a Follower of Okawaru.
             Slain by a komodo dragon (16 damage)
             ... on level 8 of the Dungeon.
             The game lasted 00:19:35 (7077 turns).

NarcSill the Spear-Bearer (Demonspawn Gladiator)    Turns: 7077, Time: 00:19:36

Health: -2/114     AC: 29    Str: 18    XL:     10   Next: 14%
Magic:  10/10      EV:  2    Int:  9    God:    Okawaru [*.....]
Gold:   210        SH:  0    Dex: 15    Spells: 9/9 levels left

rFire   . . .        U - +2 battleaxe (heavy)
rCold   . . .        (shield currently unavailable)
rNeg    . . .        P - melded +0 plate armour
rPois   +            (helmet currently unavailable)
rElec   +            (cloak currently unavailable)
rCorr   +            v - melded +0 pair of gloves
SInv    .            o - melded +0 pair of boots
Will    +....        R - amulet "Kyn Jeen" {Faith rElec rCorr}
Stlth   ++           t - +4 ring of protection
HPRegen 0.39/turn    r - ring of willpower
MPRegen 0.12/turn

%: faith
@: tree-form
A: stationary, stasis, torment immunity, boosted hp, (claws 1), (horns 2),
(demonic guardian 2), condensation shield, (weakness stinger 1)
a: Renounce Religion, Heroism


You were on level 8 of the Dungeon.
You worshipped Okawaru.
Okawaru was aware of your devotion.
You were a tree.
You visited 2 branches of the dungeon, and saw 9 of its levels.
You also visited: Bailey.

You collected 523 gold pieces.
You spent 313 gold pieces at shops.

Inventory:

Hand Weapons
 a - a +1 trident
 A - a +0 war axe
 E - the +7 rapier "Pokiq" {vamp, MP+9 Dex+6}
   (You found it on level 5 of the Dungeon)

   Dex+6:     It affects your dexterity (+6).
   MP+9:      It affects your magic capacity (+9).
 N - a +0 glaive
 O - a +3 halberd
 U - a +2 heavy battleaxe (weapon)
Missiles
 d - 3 throwing nets
 e - 4 javelins
 S - 4 poisoned darts (quivered)
Armour
 b - a +0 leather armour
 c - a +0 helmet
 i - a +0 ring mail
 o - a +0 pair of boots (melded)
 v - a +0 pair of gloves (melded)
 H - the +2 ring mail of Wrong Decisions {rN+}
   (You found it on level 6 of the Dungeon)

   rN+:       It protects you from negative energy.
 P - a +0 plate armour (melded)
Jewellery
 r - a ring of willpower (right branch)
 t - a +4 ring of protection (left branch)
 u - an amulet of guardian spirit
 y - a +6 ring of intelligence
 C - a +4 ring of protection
 Q - a ring of protection from fire
 R - the amulet "Kyn Jeen" (around neck) {Faith rElec rCorr}
   (You took it off a gnoll sergeant in a bailey)

   [amulet of faith]

   Faith:     It allows you to gain divine favour quickly.
   rElec:     It insulates you from electricity.
   rCorr:     It protects you from acid and corrosion.
Wands
 F - a wand of iceblast (8)
 G - a wand of paralysis (7)
Scrolls
 g - a scroll of immolation {unknown}
 k - 2 scrolls of fog {unknown}
 l - 9 scrolls of identify {unknown}
 n - 4 scrolls of poison {unknown}
 s - a scroll of noise {unknown}
 x - a scroll of torment {unknown}
 J - 4 scrolls of blinking {unknown}
 K - a scroll of vulnerability {unknown}
 T - a scroll of fear {unknown}
 V - 2 scrolls of teleportation
Potions
 f - 2 potions of brilliance
 j - a potion of might {unknown}
 m - a potion of lignification
 p - 4 potions of degeneration {unknown}
 q - a potion of attraction {unknown}
 w - 2 potions of mutation {unknown}
 z - 2 potions of enlightenment {unknown}
 B - a potion of haste {unknown}
 D - a potion of berserk rage {unknown}
 I - a potion of invisibility {unknown}
 L - a potion of resistance {unknown}
 M - 5 potions of ambrosia {unknown}


   Skills:
 + Level 5.9 Fighting
 * Level 1.5(6.0) Axes
 - Level 9.3(9.4) Polearms
 + Level 2.5 Throwing
 + Level 5.8 Armour
 + Level 5.2 Dodging
 + Level 1.8 Stealth
 + Level 3.0 Shields
 + Level 0.8 Evocations


You had 9 spell levels left.
You didn't know any spells.
Your spell library contained the following spells:

 Spells                   Type           Power      Damage    Failure   Level
 Blink                    Tloc           0%         N/A       52%         2
 Jinxbite                 Hex            0%         N/A       52%         2
 Lesser Beckoning         Tloc           0%         N/A       52%         2
 Momentum Strike          Conj/Tloc      0%         3d8       52%         2
 Dazzling Flash           Conj/Hex       0%         N/A       77%         3
 Volatile Blastmotes      Fire/Tloc      0%         2d10      77%         3
 Brom's Barrelling Bould  Conj/Erth      0%         2d3       99%         4
 Fireball                 Conj/Fire      0%         3d3       100%        5
 Iskenderun's Battlesphe  Conj           0%         2d6       100%        5
 Lee's Rapid Deconstruct  Erth           0%         3d4*      100%        5
 Yara's Violent Unravell  Hex/Alch       0%         3d3       100%        5
 Conjure Ball Lightning   Conj/Air       0%         3x3d6     100%        6
 Starburst                Conj/Fire      0%         6d3       100%        6
 Enfeeble                 Hex            0%         N/A       100%        7
 Orb of Destruction       Conj           0%         9d5       100%        7
 Maxwell's Capacitive Co  Air            0%         ∞         100%        8
 Animate Armour           Summ/Erth      Unusable   N/A       N/A         4
 Summon Lightning Spire   Summ/Air       Unusable   N/A       N/A         4

Dungeon Overview and Level Annotations

Branches:
Dungeon (8/15)             Temple (1/1) D:6          Bailey (visited)
   Lair: D:8-11

Altars:
Ashenzari
Cheibriados
Dithmenos
Fedhas
Gozag
Hepliaklqana
Kikubaaqudgha
Makhleb
Nemelex Xobeh
Okawaru
Qazlal
Ru
Trog
Uskayaw
Vehumet
Wu Jian
Xom
Yredelemnul

Shops:
D:6 [(


Innate Abilities, Weirdness & Mutations

You are a tree.
Your roots penetrate the ground, keeping you stationary.
You cannot be teleported.
You are immune to unholy pain and torment.
Your maximum health is greatly increased.
Your equipment is partially melded.
((You have sharp fingernails.))
((You have a pair of horns on your head.))
((A demonic guardian rushes to your aid.))
A meltable shield of frost defends you. (SH +0)
((You have a small tail.))


Message History

Aim: a komodo dragon (lightly wounded, about 33% to evade your +2 heavy battleaxe)
You closely miss the komodo dragon. You headbutt the komodo dragon.
You tail-slap the komodo dragon.
The komodo dragon is heavily wounded.
You slash the komodo dragon! The komodo dragon barely misses you. x2
The komodo dragon bites you. x2; The komodo dragon barely misses you.
Cleave: U) +2 battleaxe (heavy)
Press: ? - help, Dir - move target, f/p - komodo dragon
Aim: a komodo dragon (heavily wounded, about 33% to evade your +2 heavy battleaxe)
You barely miss the komodo dragon.
The komodo dragon is heavily wounded.
You closely miss the komodo dragon. The komodo dragon bites you!
The komodo dragon bites you!!
* * * LOW HITPOINT WARNING * * *
The komodo dragon barely misses you. The komodo dragon bites you.
* * * LOW HITPOINT WARNING * * *
The komodo dragon attacks as it pursues you!
The komodo dragon bites you but does no damage.
The komodo dragon attacks as it pursues you!
The komodo dragon bites you.
* * * LOW HITPOINT WARNING * * *
The komodo dragon attacks as it pursues you!
The komodo dragon barely misses you.
The komodo dragon attacks as it pursues you!
The komodo dragon bites you.
* * * LOW HITPOINT WARNING * * *
The komodo dragon attacks as it pursues you!
The komodo dragon closely misses you.
You barely miss the komodo dragon.
The komodo dragon is moderately wounded.
The komodo dragon bites you.
* * * LOW HITPOINT WARNING * * *
The komodo dragon bites you.
* * * LOW HITPOINT WARNING * * *
You turn into a tree.
Your +0 pair of gloves melds into your body.
Your +0 pair of boots melds into your body.
Your +0 plate armour melds into your body.
Your roots penetrate the ground.
The komodo dragon bites you!
You die...

###### ##########.#..###
##....♣ll...##.#.# #
##....###........######.
#####
####..###.####..[..........
....###...### ###
##.###........ ####...####
####.#......# ####.#
..####...#. ### ### ###..
.# ####### ### ### ##### #


You could see 2 komodo dragons.

Vanquished Creatures
  Pikel (D:5)
  A komodo dragon (D:8)
  A wyvern (D:8)
  2 steam dragons
  4 water moccasins
  An orc warrior (D:8)
  A sky beast (D:7)
  An ice beast (D:5)
  4 wolves (Bailey)
  2 ogres
  A centaur (D:5)
  A kobold brigand (D:6)
  6 gnoll sergeants (Bailey)
  A bullfrog (D:7)
  3 scorpions
  4 howler monkeys
  4 jellies
  3 bombardier beetles (D:6)
  4 hounds
  3 gnoll boudas (Bailey)
  2 sleepcaps
  3 iguanas
  9 gnolls (Bailey)
  3 adders
  A shadow imp (D:6)
  2 white imps (D:5)
  5 ufetubi
  A ribbon worm (D:2)
  5 orcs
  11 bats
  13 endoplasms
  2 giant cockroaches
  9 goblins
  6 hobgoblins
  6 jackals
  A quokka (D:1)
  3 ball pythons
  3 frilled lizards
  12 kobolds
  4 rats
149 creatures vanquished.

Vanquished Creatures (collateral kills)
  A centaur (D:8)
  2 wolves (Bailey)
  A gnoll sergeant (Bailey)
  3 gnoll boudas (Bailey)
  2 gnolls (Bailey)
  3 orcs (D:8)
12 creatures vanquished.

Grand Total: 161 creatures vanquished

Notes
Turn   | Place    | Note
-------+----------+-------------------------------------------
     0 | D:1      | NarcSill the Demonspawn Gladiator began the quest for the
                  | Orb.
     0 | D:1      | Reached XP level 1. HP: 16/16 MP: 1/1
   153 | D:1      | Found a faded altar of an unknown god.
   258 | D:1      | Gained mutation: A meltable shield of frost defends you.
                  | (SH +0) [demonic ancestry]
   258 | D:1      | Reached XP level 2. HP: 22/22 MP: 2/2
   549 | D:2      | Reached skill level 3 in Polearms
   807 | D:2      | Discovered your monstrous ancestry.
   807 | D:2      | Gained mutation: You have a pair of small horns on your
                  | head. [demonic ancestry]
   807 | D:2      | Reached XP level 3. HP: 27/27 MP: 3/3
  1121 | D:2      | Reached skill level 1 in Armour
  1568 | D:3      | Gained mutation: You have a small tail. [demonic ancestry]
  1568 | D:3      | Reached XP level 4. HP: 34/34 MP: 4/4
  1771 | D:3      | Found a hide-covered altar of Uskayaw.
  1995 | D:3      | Found a sacrificial altar of Ru.
  2064 | D:3      | Found a hazy altar of Hepliaklqana.
  2064 | D:3      | Found a sacrificial altar of Ru.
  2064 | D:3      | Found a hide-covered altar of Uskayaw.
  2064 | D:3      | Found a shimmering altar of Xom.
  2064 | D:3      | Found a hide-covered altar of Uskayaw.
  2064 | D:3      | Found a blossoming altar of Fedhas.
  2324 | D:3      | Reached skill level 4 in Polearms
  2377 | D:3      | Reached XP level 5. HP: 16/39 MP: 1/5
  2520 | D:4      | Noticed a black bear
  2539 | D:5      | Entered Level 5 of the Dungeon
  2542 | D:5      | Noticed a lemure
  2542 | D:5      | Noticed a lemure
  2543 | D:5      | Noticed Pikel
  2543 | D:5      | Noticed a lemure
  2543 | D:5      | Noticed a lemure
  2711 | D:5      | Noticed an ogre
  2716 | D:5      | Killed an ogre
  2717 | D:5      | Reached XP level 6. HP: 46/46 MP: 6/6
  2722 | D:5      | Reached skill level 5 in Polearms
  2730 | D:5      | Reached skill level 1 in Shields
  2834 | D:5      | Killed Pikel
  2835 | D:5      | Reached skill level 6 in Polearms
  2835 | D:5      | Gained mutation: A weak demonic guardian rushes to your
                  | aid. [demonic ancestry]
  2835 | D:5      | Reached XP level 7. HP: 32/52 MP: 4/7
  2959 | D:5      | Gained mutation: You have a pair of horns on your head.
                  | [demonic ancestry]
  2959 | D:5      | Reached XP level 8. HP: 47/60 MP: 5/8
  3265 | D:5      | Identified the +7 rapier "Pokiq" {vamp, MP+9 Dex+6}
  3619 | D:6      | Reached skill level 7 in Polearms
  3682 | D:6      | Identified the +2 ring mail of Wrong Decisions {rN+}
  3798 | D:6      | Identified the +0 robe of Icwuk {rF+}
  3817 | D:6      | Found Miothroi's Antique Weapon Shoppe.
  3834 | D:6      | Found a staircase to the Ecumenical Temple.
  3992 | D:6      | Found Peppo's Armour Boutique.
  4302 | D:7      | Found a flagged portal.
  4320 | D:7      | Reached skill level 8 in Polearms
  4320 | D:7      | Gained mutation: A demonic guardian rushes to your aid.
                  | [demonic ancestry]
  4320 | D:7      | Reached XP level 9. HP: 66/66 MP: 9/9
  4345 | Bailey   | Entered a bailey
  4637 | Bailey   | Reached skill level 5 in Fighting
  4640 | Bailey   | Reached skill level 5 in Armour
  4802 | Bailey   | Identified the +4 sling of Mana {flame, rF+ Int+3}
  4802 | Bailey   | Identified the amulet "Kyn Jeen" {Faith rElec rCorr}
  4817 | Bailey   | HP: 2/68 [gnoll sergeant/+0 glaive (10)]
  5094 | Bailey   | Reached skill level 5 in Dodging
  5123 | Bailey   | Reached skill level 1 in Stealth
  5700 | D:7      | Reached skill level 9 in Polearms
  6514 | D:6      | Bought a glowing battleaxe for 313 gold pieces
  6528 | Temple   | Entered the Ecumenical Temple
  6543 | Temple   | Became a worshipper of Warmaster Okawaru
  6610 | D:8      | Gained mutation: You have sharp fingernails. [demonic
                  | ancestry]
  6610 | D:8      | Reached XP level 10. HP: 53/76 MP: 10/10
  6847 | D:8      | Reached skill level 1 in Axes
  7068 | D:8      | Reached * piety under Okawaru
  7077 | D:8      | Slain by a komodo dragon

Illustrated notes

Levels and vault maps discovered:
D:1:      matt_arrival_grand_opening, layout_rooms,
          shapermc_ecumenical_altar_mp_urbaneastern
D:2:      layout_loops_ring
D:3:      cheibrodos_fertilizer, layout_loops_corners,
          mainiacjoe_overflow_alcove_2, old_standard_altar
D:4:      layout_layer_cave, uniq_grinder
D:5:      layout_basic, chequers_serial_rivers_marsh, minmay_misc_feat_square,
          st_stairs_7, chequers_mini_garden,
          serial_library_regret_index_double_sided, dreamdust_princess_bridge,
          uniq_pikel
D:6:      layout_basic, minmay_temple_entry_waves, serial_shops, shop, shop,
          minmay_fractal_squares_5
D:7:      layout_cave_pods, enter_bailey_5, kennysheep_generic_room_13
D:8:      layout_loops_cross, erik_lair_dragon, uniq_maggie
Temple:   eino_narrow_crystal_temple

Skill      XL: |  1  2  3  4  5  6  7  8  9 10 |
---------------+-------------------------------+-----
Polearms       | 3 4 6 8 9 |  9.3
Dodging        | 3 4 5 |  5.2
Armour         | 1 3 4 5 |  5.8
Fighting       | 3 4 5 |  5.9
Shields        | 1 2 3 |  3.0
Throwing       | 2 |  2.5
Stealth        | 1 |  1.8
Axes           | 1 |  1.5
Evocations     | |  0.8

Action                     |  1- 3 |  4- 6 |  7- 9 | 10-12 || total
---------------------------+-------+-------+-------+-------++-------
  Melee: Trident           |   147 |   117 |   273 |       ||   537
         Headbutt          |     9 |    16 |    57 |     4 ||    86
         Tailslap          |       |     9 |    36 |     4 ||    49
         Punch             |       |     1 |     2 |       ||     3
         Glaive            |       |       |    38 |       ||    38
         Battleaxe         |       |       |     5 |    20 ||    25
  Throw: Dart              |       |       |     5 |       ||     5
         Throwing net      |       |       |     8 |       ||     8
  Evoke: Wand              |       |       |     5 |       ||     5
    Use: Potion            |     3 |       |     1 |     3 ||     7
         Scroll            |       |     5 |       |       ||     5
   Stab: Distracted        |     1 |       |     1 |       ||     2
         Held in net/web   |       |       |     2 |       ||     2
 Armour: Leather armour    |     6 |       |       |       ||     6
         Ring mail         |    59 |    85 |   183 |       ||   327
         Plate armour      |       |       |    59 |    50 ||   109
         Skin              |       |       |       |     1 ||     1
  Dodge: Dodged            |    67 |    71 |   213 |    19 ||   370
  Block: Other             |    15 |    21 |    51 |     4 ||    91
